AoeStats
← luis_14_mota

Nomad

508998240Analyzed
2v2 RM · 8d ago on Sep 25, 2026· 32m 41s· 4 players
Game mode
Random Map
Map size
176×176
Population
200
Speed
Normal
Resources
Standard
Victory
Conquest
Starting age
Dark Age
Ending age
Imperial Age
RankedLock teamsTeams togetherTeam positionsShared explorationLock speedFull tech treeHidden civsTurbo modeCheats
Victory
Defeat
🇺🇸 Cumans · United States
775
+5
🇺🇸 Armenians · United States
775
+5
🇲🇽 Danes · Mexico
533
-6
🇲🇽 Britons · Mexico
413
-4
luis_14_mota
15:42 Loom
20:21 Feudal Age
20:51 Double-Bit Axe
20:49 Horse Collar
[Memento mori] Lobo
4:19 Loom
17:50 Feudal Age
21:00 Wheelbarrow
20:13 Double-Bit Axe
20:22 Horse Collar
Dildo_Swaggins
4:38 Loom
17:01 Feudal Age
18:02 Man-at-Arms
18:29 Arson
21:48 Long Swordsman
23:43 Scale Mail Armor
23:53 Forging
Catahoula
5:55 Loom
20:44 Feudal Age
22:04 Town Watch
22:10 Double-Bit Axe
22:20 Town Watch
23:40 Horse Collar
Connection lost

Rejoining the realm…

Still unreachable

The connection could not be restored.

Session expired

The server has moved on; the page needs a fresh start.